 Dungeon Crawl Stone Soup version 0.28.0-47-ge53b351184 (webtiles) character file.

Game seed: 15279276072709126310

28 styxcanada the Sneak (level 2, -3/15 HPs)
             Began as a Spriggan Brigand on Apr 29, 2022.
             Killed by nerve-wracking pain
             ... invoked by a shadow imp
             ... summoned by Natasha
              (6 damage)
             ... on level 2 of the Dungeon.
             The game lasted 00:03:45 (1464 turns).

styxcanada the Sneak (Spriggan Brigand)             Turns: 1464, Time: 00:03:46

Health: -3/15      AC:  3    Str:  7    XL:     2   Next: 96%
Magic:  3/3        EV: 16    Int: 12    God:
Gold:   70         SH:  0    Dex: 16    Spells: 2/2 levels left

rFire   . . .      SeeInvis +   a - +2 dagger
rCold   . . .      Faith    .   (no shield)
rNeg    . . .      Spirit   .   b - +0 robe
rPois   .          Reflect  .   (helmet restricted)
rElec   .          Harm     .   c - +0 cloak
rCorr   .          Rampage  .   (gloves unavailable)
Will    .....                   (boots unavailable)
Stlth   +.........              (no amulet)
HPRegen 0.05/turn               (no ring)
MPRegen 0.08/turn               (no ring)

@: confused, slowed, quick
A: very small, no large weapons, unfitting armour, see invisible, speed 3
a: no special abilities


You were on level 2 of the Dungeon.
You visited 1 branch of the dungeon, and saw 2 of its levels.

You collected 70 gold pieces.

Inventory:

Hand Weapons
 a - a +2 dagger (weapon)
Missiles
 d - 2 poisoned darts (quivered)
 e - 2 curare-tipped darts
 h - 3 boomerangs
 i - 5 stones
Armour
 b - a +0 robe (worn)
 c - a +0 cloak (worn)
Jewellery
 o - an amulet of the acrobat
Scrolls
 f - 2 scrolls of brand weapon {unknown}
 l - 2 scrolls of teleportation {unknown}
 n - a scroll of immolation {unknown}
 p - a scroll of fear {unknown}
Potions
 g - a potion of berserk rage {unknown}
 j - a potion of resistance {unknown}
 k - a potion of flight {unknown}
 m - a potion of curing {unknown}


   Skills:
 * Level 1.8 Fighting
 + Level 2.3 Short Blades
 + Level 2.2 Throwing
 * Level 1.6 Dodging
 * Level 6.7 Stealth
 * Level 0.5 Spellcasting


You had 2 spell levels left.
You didn't know any spells.
Your spell library contained the following spells:

 Spells                   Type           Power      Damage    Failure   Level
 Static Discharge         Conj/Air       0%         N/A       43%         2
 Lightning Bolt           Conj/Air       0%         1d11      100%        5
 Maxwell's Capacitive Co  Air            0%         ∞         100%        8


Dungeon Overview and Level Annotations

Branches:
Dungeon (2/15)

Altars:
Vehumet

Annotations:
D:2 Natasha, Sigmund


Innate Abilities, Weirdness & Mutations

You are very small and have problems with some larger weapons.
You are too small for most types of armour.
You have supernaturally acute eyesight. (SInv)
You cover ground extremely quickly. (Speed+++)


Message History

The goblin is moderately wounded.
The goblin misses you.
You hit the goblin.
You kill the goblin!
A frilled lizard comes into view.
Natasha growls.
You see here a +0 dagger.
Found 11 gold pieces.
You barely miss the frilled lizard. The frilled lizard misses you.
You barely miss the frilled lizard.
The shadow imp disappears in a puff of smoke!
The frilled lizard barely misses you.
Natasha stares at you and mumbles some strange words.
You feel yourself slow down.
You closely miss the frilled lizard. The frilled lizard closely misses you.
The frilled lizard completely misses you.
You barely miss the frilled lizard. The goblin closely misses you.
Natasha mumbles some strange words.
The frilled lizard bites you.
* * * LOW HITPOINT WARNING * * *
The frilled lizard completely misses you.
A hobgoblin comes into view.
Natasha mumbles some strange words.
Sigmund the Dreaded comes into view.
He is wielding a +0 scythe.
You see here 8 gold pieces.
The hobgoblin shouts!
Natasha mumbles some strange words.
The hobgoblin misses you. The shadow imp hits you.
* * * LOW HITPOINT WARNING * * *
The shadow imp barely misses you.
Sigmund gestures wildly while chanting.
Sigmund flickers and vanishes for a moment.
Unknown command.
The crimson imp blinks!
Sigmund points at you and mumbles some strange words.
You are confused.
The shadow imp gestures at you. Pain shoots through your body!
You die...

.........$.#...###.....#
#..#......5.#..#.....#
####..........#...#.....#
.................#.#...# #.
####.#........@h#...#.#...#
................5..........
....)........#.#.l..#.....
.###........$#.##g#.##.#.#
.###.#..........@...5..#
...............##.#.##.#
.###.##.##........#.# #
.....................
...#.##.............##
.....#...##..#.......
.....5...##..#.........#.#
.._......... #.........#.#
.....#.#.#####.#..##.#.#.#


You could see a shadow imp (summoned), a goblin and a frilled lizard.

Vanquished Creatures
  5 endoplasms (D:1)
  2 giant cockroaches (D:1)
  3 goblins
  2 kobolds (D:1)
  2 quokkas (D:1)
  A ball python (D:1)
  5 bats
  A frilled lizard (D:1)
  2 rats (D:1)
23 creatures vanquished.

Notes
Turn   | Place    | Note
-------+----------+-------------------------------------------
     0 | D:1      | styxcanada the Spriggan Brigand began the quest for the
                  | Orb.
     0 | D:1      | Reached XP level 1. HP: 10/10 MP: 2/2
    66 | D:1      | Reached skill level 6 in Stealth
   457 | D:1      | Reached XP level 2. HP: 10/15 MP: 3/3
  1145 | D:1      | Found a faded altar of an unknown god.
  1398 | D:2      | Noticed Natasha
  1411 | D:2      | Noticed a crimson imp
  1422 | D:2      | Found a radiant altar of Vehumet.
  1449 | D:2      | Noticed a crimson imp
  1449 | D:2      | Noticed Sigmund
  1464 | D:2      | Killed from afar by a shadow imp

Illustrated notes

Levels and vault maps discovered:
D:1:      minmay_arrival_jagged, layout_basic, hellmonk_ecumenical_altar_run_dry
D:2:      layout_basic, basic_altar, serial_shops, shop, minmay_splitting_lines,
          uniq_natasha, uniq_sigmund, uniq_crazy_yiuf_cottage

Skill      XL: |  1 |
---------------+----+-----
Stealth        | 6 |  6.7
Fighting       | |  1.8
Short Blades   | |  2.3
Throwing       | |  2.2
Dodging        | |  1.6
Spellcasting   | |  0.5

Action                   || total
-------------------------++-------
Melee: Dagger            ||    77
Throw: Dart              ||    11
 Stab: Sleeping          ||     5
Armor: Robe              ||    10
Dodge: Dodged            ||    67
